 Dungeon Crawl Stone Soup version 0.28.0 (webtiles) character file.

Game seed: 13207670341373864390

755 bromine the Cudgeller (level 7, -12/100 HPs)
             Began as a Troll Berserker on Feb 7, 2022.
             Was a Priest of Trog.
             Mangled by Menkaure (17 damage)
             ... on level 5 of the Dungeon on Feb 8, 2022.
             The game lasted 00:33:03 (3927 turns).

bromine the Cudgeller (Troll Berserker)             Turns: 3927, Time: 00:33:03

Health: -12/100    AC:  4    Str: 28    XL:     7   Next: 49%
Magic:  6/6        EV: 10    Int:  3    God:    Trog [***...]
Gold:   211        SH:  5    Dex:  9    Spells: 6/6 levels left

rFire   . . .      SeeInvis .   l - +0 flail
rCold   . . .      Faith    .   H - orb {light}
rNeg    . . .      Spirit   .   a - +0 animal skin
rPois   .          Reflect  +   (helmet restricted)
rElec   .          Harm     .   (no cloak)
rCorr   .          Rampage  .   (gloves unavailable)
Will    .....                   (boots unavailable)
Stlth   ..........              F - amulet of reflection
HPRegen 1.06/turn               (no ring)
MPRegen 0.10/turn               (no ring)

@: berserking, glowing, very quick
A: large, unfitting armour, claws 3, regeneration 1, shaggy fur 1, tough skin 1
a: Renounce Religion, Berserk, Trog's Hand


You were on level 5 of the Dungeon.
You worshipped Trog.
Trog was most pleased with you.
You visited 1 branch of the dungeon, and saw 5 of its levels.

You collected 211 gold pieces.

Inventory:

Hand Weapons
 b - a +0 short sword
 h - a +0 whip
 k - a +0 club
 l - a +0 flail (weapon)
 r - a +0 dagger
 J - a +0 trident
 K - a +0 hand axe
 R - a +0 scythe
Missiles
 c - 217 stones (quivered)
 t - 27 sling bullets
 E - 40 bolts
 M - 34 arrows
Armour
 a - a +0 animal skin (worn)
 e - a +0 cloak
 f - a +0 leather armour
 g - a +0 ring mail
 u - a +0 chain mail
 x - a +0 robe of the Archmagi
 D - a +0 chain mail
 H - an orb of light (worn)
 I - a +0 ring mail
Jewellery
 F - an amulet of reflection (around neck)
Scrolls
 d - 3 scrolls of amnesia {unknown}
 j - 7 scrolls of identify {unknown}
 n - 2 scrolls of enchant armour {unknown}
 p - a scroll of magic mapping {unknown}
 q - a scroll of blinking {unknown}
 s - a scroll of fear {unknown}
 v - a scroll of holy word {unknown}
 w - a scroll of torment {unknown}
 y - 2 scrolls of vulnerability {unknown}
 z - 3 scrolls of fog {unknown}
 B - 2 scrolls of teleportation {unknown}
 O - a scroll of noise {unknown}
Potions
 i - 2 potions of curing {unknown}
 m - 2 potions of mutation {unknown}
 o - 3 potions of attraction {unknown}
 A - 2 potions of haste {unknown}
 C - 2 potions of might {unknown}
 G - a potion of heal wounds {unknown}
 L - a potion of flight {unknown}
 N - a potion of resistance {unknown}
 P - a potion of magic {unknown}
 Q - a potion of lignification {unknown}
 S - a potion of brilliance {unknown}


   Skills:
 + Level 3.4 Fighting
 + Level 5.4 Maces & Flails
 + Level 3.5 Dodging
 + Level 0.1 Stealth
 + Level 0.6 Shields
 + Level 4.3 Unarmed Combat


You had 6 spell levels left.
You didn't know any spells.
Your spell library contained the following spells:

 Spells                   Type           Power      Damage    Failure   Level
 Animate Skeleton         Necr           0%         N/A       52%         1
 Magic Dart               Conj           0%         1d3       52%         1
 Pain                     Necr           0%         1d4       52%         1
 Sandblast                Erth           0%         2d4       52%         1
 Corpse Rot               Necr/Air       0%         N/A       67%         2
 Passwall                 Tmut/Erth      0%         N/A       67%         2
 Poisonous Vapours        Pois/Air       0%         N/A       67%         2
 Searing Ray              Conj           0%         2d4       67%         2
 Stone Arrow              Conj/Erth      0%         3d7       88%         3
 Vampiric Draining        Necr           0%         2d6       88%         3
 Fulminant Prism          Conj/Hex       0%         3d6       99%         4


Dungeon Overview and Level Annotations

Branches:
Dungeon (5/15)
 Temple: D:4-7

Altars:
Hepliaklqana
Nemelex Xobeh
Okawaru
Sif Muna
Xom

Shops:
D:2 *

Annotations:
D:5 Menkaure


Innate Abilities, Weirdness & Mutations

You are too large for most types of armour.
You have claws for hands.
Your natural rate of healing is unusually fast.
You are covered in fur. (AC +1)
You have tough skin. (AC +1)


Message History

You sock the wyvern zombie!
The wyvern zombie is moderately damaged.
The wyvern zombie bites you!
* * * LOW HITPOINT WARNING * * *
The orc hits you with a +0 dagger.
* * * LOW HITPOINT WARNING * * *
You hit the wyvern zombie.
The wyvern zombie is moderately damaged.
Menkaure mumbles some strange words.
Menkaure seems to speed up.
The orc hits you with a +0 dagger.
* * * LOW HITPOINT WARNING * * *
You hit the jackal.
You kill the jackal!
Trog accepts your kill.
Menkaure calls on the powers of darkness!
The orc convulses!
Your body is wracked with pain!
* * * LOW HITPOINT WARNING * * *
You hit the wyvern zombie.
The wyvern zombie is heavily damaged.
The orc hits you but does no damage. Menkaure barely misses you.
The wyvern zombie closely misses you.
You thump the wyvern zombie!
The wyvern zombie is severely damaged.
You block the orc's attack. The wyvern zombie bites you!
* * * LOW HITPOINT WARNING * * *
Menkaure hits you.
* * * LOW HITPOINT WARNING * * *
You completely miss the wyvern zombie.
The wyvern zombie is severely damaged.
The wyvern zombie closely misses you. The orc misses you.
You hit the wyvern zombie.
The wyvern zombie is severely damaged.
Menkaure calls on the powers of darkness!
The orc convulses!
Your body is wracked with pain!
* * * LOW HITPOINT WARNING * * *
You hit the wyvern zombie.
The wyvern zombie is almost destroyed.
The wyvern zombie bites you but does no damage.
Menkaure hits you!
You die...

####....###### .#
##.#......#
.####.##.###.#
.......#.###.####
....#...........########
.##...##.###..#.........
..#....#.##.#...........
..## #.##..###........
#.> #.##.. #@.......
........oZM......
.###...^.......>.# #.
#...^_........# .
##..^.........# ..
#............# #.
#....#.......#
............?#


You could see Menkaure (fast), an orc and a wyvern zombie.

Vanquished Creatures
  An ice beast (D:5)
  An ogre (D:5)
  A black bear (D:5)
  2 scorpions
  A water moccasin skeleton (D:4)
  A bullfrog zombie (D:5)
  An orc priest (D:5)
  2 bullfrog skeletons
  An iguana (D:5)
  2 orc wizards (D:5)
  A hound skeleton (D:4)
  A howler monkey zombie (D:5)
  4 adders (D:2)
  2 white imps (D:5)
  An adder skeleton (D:4)
  3 worms
  4 dart slugs
  5 orcs
  5 endoplasms
  4 giant cockroaches
  6 hobgoblins
  4 jackals (D:5)
  4 kobolds
  3 quokkas
  9 ball pythons
  7 bats
  5 frilled lizards
  6 goblins
  9 rats
96 creatures vanquished.

Notes
Turn   | Place    | Note
-------+----------+-------------------------------------------
     0 | D:1      | bromine the Troll Berserker began the quest for the Orb.
     0 | D:1      | Reached XP level 1. HP: 22/22 MP: 0/0
   465 | D:1      | Reached XP level 2. HP: 29/29 MP: 1/1
   886 | D:2      | You fall into a shaft and drop 1 floor!
  1021 | D:2      | Reached XP level 3. HP: 36/36 MP: 2/2
  1034 | D:2      | Reached ** piety under Trog
  1162 | D:2      | Found a shimmering blue altar of Sif Muna.
  1166 | D:2      | Found Orraf's General Store.
  1273 | D:2      | Found a faded altar of an unknown god.
  1516 | D:2      | Reached XP level 4. HP: 42/44 MP: 3/3
  1894 | D:3      | Found a hazy altar of Hepliaklqana.
  2063 | D:3      | Found a sparkling altar of Nemelex Xobeh.
  2373 | D:3      | Reached skill level 1 in Maces & Flails
  2729 | D:4      | Reached skill level 2 in Maces & Flails
  2729 | D:4      | Reached XP level 5. HP: 50/50 MP: 4/4
  2756 | D:4      | Reached skill level 3 in Maces & Flails
  3116 | D:4      | Reached *** piety under Trog
  3117 | D:4      | Reached XP level 6. HP: 59/59 MP: 5/5
  3460 | D:4      | Found an iron altar of Okawaru.
  3663 | D:5      | Entered Level 5 of the Dungeon
  3674 | D:5      | Noticed an ice beast
  3681 | D:5      | Killed an ice beast
  3682 | D:5      | Reached skill level 4 in Maces & Flails
  3791 | D:5      | Reached XP level 7. HP: 60/67 MP: 6/6
  3894 | D:5      | Reached skill level 5 in Maces & Flails
  3908 | D:5      | Noticed Menkaure
  3909 | D:5      | Found a shimmering altar of Xom.
  3924 | D:5      | HP: 4/100 [Menkaure (2)]
  3927 | D:5      | Mangled by Menkaure

Illustrated notes

Levels and vault maps discovered:
D:1:      sevenhm_arrival_forest_fort_large_4, layout_rooms, serial_glass,
          glass_columns_a, glass_columns_b
D:2:      layout_rooms, serial_shops, shop,
          hellmonk_ecumenical_altar_heavens_door, basic_altar,
          minmay_increasing_density
D:3:      layout_rooms, mainiacjoe_overflow_chevrons,
          lemuel_coloured_pillars_altar, minmay_circle_x
D:4:      minmay_door_path, layout_basic, mainiacjoe_overflow_tiny_flanked,
          dk_vineyard_1, minmay_misc_feat_rows
D:5:      layout_rooms, xom_teletrap_fun, kennysheep_mini_moat, uniq_eustachio,
          uniq_menkaure

Skill      XL: |  1  2  3  4  5  6  7 |
---------------+----------------------+-----
Unarmed Combat | 4 |  4.3
Dodging        | 3 |  3.5
Maces & Flails | 2 3 4 5 |  5.4
Fighting       | 3 |  3.4
Stealth        | |  0.1
Shields        | |  0.6

Action                   |  1- 3 |  4- 6 |  7- 9 || total
-------------------------+-------+-------+-------++-------
Melee: Unarmed           |    75 |       |       ||    75
       Flail             |     7 |   153 |    29 ||   189
Invok: Berserk           |       |     2 |     1 ||     3
       Trog's Hand       |       |     2 |       ||     2
Armor: Animal skin       |    21 |    68 |    12 ||   101
Dodge: Dodged            |    59 |   102 |    18 ||   179
Block: Orb               |       |    21 |     4 ||    25
       Reflection        |       |     1 |       ||     1
